 Dungeon Crawl Stone Soup version 0.21.0 (webtiles) character file.

26514 Timinator the Martial Artist (level 12, 0/96 HPs)
             Began as a Vampire Transmuter on Jan 9, 2018.
             Was a High Priest of Kikubaaqudgha.
             Killed from afar by an ogre mage (16 damage)
             ... with a bolt of lightning
             ... on level 2 of the Orcish Mines.
             The game lasted 02:47:12 (15228 turns).

Timinator the Martial Artist (Vampire Transmuter)  Turns: 15228, Time: 02:47:21

Health: 0/96       AC:  7    Str:  9    XL:     12   Next: 99%
Magic:  14/23      EV: 21    Int: 17    God:    Kikubaaqudgha [*****.]
Gold:   975        SH:  0    Dex: 18    Spells: 3/26 levels left

rFire    . . .     SeeInvis +     - Unarmed
rCold    . . .     Gourm    .   (no shield)
rNeg     . . .     Faith    .   F - +0 robe
rPois    .         Spirit   .   j - +0 helmet
rElec    .         Reflect  .   e - +1 cloak
rCorr    .         Harm     .   (no gloves)
MR       +....                  k - +1 pair of boots
Stlth    +.........             (no amulet)
HPRegen  0.46/turn              w - ring of wizardry
MPRegen  0.18/turn              r - ring of loudness (curse)

@: regenerating quickly
A: fangs 3, see invisible, unbreathing
a: Receive Corpses, Torment, Renounce Religion


You were on level 2 of the Orcish Mines.
You worshipped Kikubaaqudgha.
Kikubaaqudgha was extremely pleased with you.
You were full.

You visited 3 branches of the dungeon, and saw 16 of its levels.
You also visited: Ossuary.

You collected 975 gold pieces.

Inventory:

Missiles
 a - 503 arrows
Armour
 e - a +1 cloak (worn)
 j - a +0 helmet (worn)
 k - a +1 pair of boots (worn)
 F - a +0 robe (worn)
Jewellery
 b - the ring "Xururae" {rElec rN+++ MR- Dex-3 Stlth-}
   (You found it on level 4 of the Dungeon)

   [ring of loudness]

   It affects your dexterity (-3).
   It insulates you from electricity.
   It renders you almost immune to negative energy.
   It affects your resistance to hostile enchantments.
   It makes you less stealthy.
 r - a cursed ring of loudness (right hand)
 w - a ring of wizardry (left hand)
Wands
 i - a wand of disintegration (8)
 q - a wand of random effects (39)
 u - a wand of paralysis (13)
 A - a wand of polymorph (12)
 B - a wand of digging (18)
 L - a wand of iceblast (12)
Scrolls
 g - 7 scrolls of enchant weapon
 p - 4 scrolls of magic mapping
 t - a scroll of enchant armour
Potions
 d - 9 potions of blood
 h - a potion of haste {unknown}
 l - a potion of resistance {unknown}
 m - a potion of cancellation
 n - 9 potions of curing
 o - a potion of heal wounds
 s - 2 potions of magic {unknown}
 v - 5 potions of flight
 z - 2 potions of ambrosia
Books
 c - a book of Changes

   Spells                             Type                      Level
   a - Beastly Appendage              Transmutation                1
   b - Sticks to Snakes               Transmutation                2
   c - Spider Form                    Transmutation/Poison         3
   d - Ice Form                       Ice/Transmutation            4
   e - Blade Hands                    Transmutation                5
 f - Kikubaaqudgha's Incunabulum of Evil Arts
   (Kikubaaqudgha gifted it to you on level 10 of the Dungeon)

   Spells                             Type                      Level
   a - Animate Dead                   Necromancy                   4
   b - Excruciating Wounds            Charms/Necromancy            5
   c - Bolt of Draining               Conjuration/Necromancy       5
   d - Borgnjor's Vile Clutch         Necromancy/Earth             5
   e - Dispel Undead                  Necromancy                   5
 y - a book of Necromancy

   Spells                             Type                      Level
   a - Pain                           Necromancy                   1
   b - Animate Skeleton               Necromancy                   1
   c - Vampiric Draining              Necromancy                   3
   d - Regeneration                   Charms/Necromancy            3
   e - Animate Dead                   Necromancy                   4
   f - Borgnjor's Vile Clutch         Necromancy/Earth             5


   Skills:
 * Level 9.5 Fighting
 * Level 11.1 Dodging
 * Level 11.4 Unarmed Combat
 + Level 7.5 Spellcasting
 * Level 4.5 Charms
 - Level 6.2 Necromancy
 + Level 9.8 Transmutations


You had 3 spell levels left.
You knew the following spells:

 Your Spells              Type           Power        Failure   Level  Hunger
a - Beastly Appendage     Tmut           #####.       1%          1    None
b - Confusing Touch       Hex            #.....       4%          1    None
c - Blade Hands           Tmut           #####.....   2%          5    #####..
d - Ice Form              Ice/Tmut       ###.....     6%          4    ####...
e - Regeneration          Chrm/Necr      ###.......   1%          3    ##.....
f - Animate Dead          Necr           N/A          3%          4    ####...
g - Dispel Undead         Necr           ####....     10%         5    #####..


Dungeon Overview and Level Annotations

Branches:
Dungeon (13/15)            Temple (1/1) D:6            Lair (0/6) D:11
    Orc (2/2) D:9
    Elf: Orc:2       Vaults: D:13-14

Altars:
Ashenzari
Cheibriados
Dithmenos
Elyvilon
Fedhas
Gozag
Hepliaklqana
Kikubaaqudgha
Makhleb
Nemelex Xobeh
Okawaru
Qazlal
Ru
Sif Muna
Trog
Uskayaw
Vehumet
Wu Jian
Xom
Yredelemnul
Zin
The Shining One

Shops:
D:9 (

Annotations:
D:9 exclusion: oklob plant
Orc:1 1 runed door, exclusion: 4 orange crystal statues
Orc:2 Snorg


Innate Abilities, Weirdness & Mutations

Your natural rate of healing is unusually fast.
You have razor-sharp teeth.
You have supernaturally acute eyesight. (SInv)
You can survive without breathing.


Message History

* * * LOW HITPOINT WARNING * * *
Snorg claws you!
* * * LOW HITPOINT WARNING * * *
Snorg claws you.
* * * LOW HITPOINT WARNING * * *
You can move again.
An ogre comes into view. It is wielding a giant club.
Okay, then.
Okay, then.
Okay, then.
Press: ? - help, v - describe, . - travel
Here: an ogre mage, wielding a halberd and wearing an embroidered robe (moderately wounded)
The floor.
You feel much better. Snorg barely misses you. Snorg claws you!
* * * LOW HITPOINT WARNING * * *
Snorg closely misses you.
The ogre mage gestures at you while chanting.
The bolt of lightning hits you!
You die...
Kikubaaqudgha rasps: "You have failed me!
Welcome... oblivion!"

............## ###
..#.........##..###
..........##.....# .#
#.#.............
...##..))).Z....###
.......)....O....# #..
#.........O#....## #.......
##.....)......T..#######.......#
##.............@###.#.#...#.....
#................#..............
.....................#....#......
..$..............................
.##..............................
#................###.#...)..)..
##.......#......####.#.........
#....#..........#........))<..
##.........................[..


You could see Snorg (berserk), an ogre mage, an ogre and a friendly ettin
zombie.

Vanquished Creatures
  2 ettins
  2 hydras (D:11)
  A centaur warrior (D:13)
  Erica (D:11)
  3 two-headed ogres
  An unseen horror (D:11)
  3 ugly things
  A deep elf mage (D:12)
  A cyclops (D:12)
  A kobold demonologist (D:12)
  A komodo dragon (D:11)
  2 trolls
  A merfolk (D:11)
  A hornet (D:12)
  9 slime creatures
  5 wraiths (D:10)
  22 yaks
  Eustachio (D:6)
  A wyvern (D:8)
  2 hungry ghosts
  2 wargs (Orc:1)
  Menkaure (D:6)
  3 vampire mosquitoes (D:12)
  A soldier ant (D:11)
  An acid dragon (D:11)
  4 sky beasts
  12 orc warriors
  4 ice beasts
  2 phantoms
  A necrophage (D:11)
  5 ogres
  2 black bears
  14 centaurs
  A crocodile (D:12)
  4 big kobolds
  An elf zombie (Ossuary)
  10 bullfrogs
  2 wyvern zombies (D:12)
  2 scorpions
  A water moccasin skeleton (D:8)
  18 killer bees
  8 wights
  A howler monkey (D:4)
  8 crimson imps
  5 centaur zombies
  A bullfrog zombie (D:7)
  A quasit (D:11)
  7 hounds
  2 jellies
  9 orc priests
  A bullfrog skeleton (D:4)
  2 centaur skeletons
  20 orc wizards
  Crazy Yiuf (D:2)
  3 iguanas
  3 worker ants
  An ogre zombie (Ossuary)
  A big kobold zombie (Ossuary)
  7 mummies (Ossuary)
  2 hound skeletons
  A worker ant zombie (D:7)
  A howler monkey zombie (D:6)
  12 adders
  4 shadow imps
  3 adder zombies (Ossuary)
  A worm (D:2)
  4 dart slugs
  7 leopard geckos
  73 orcs
  2 ball pythons
  5 giant cockroaches
  7 goblins
  6 hobgoblins
  13 jackals
  22 kobolds
  4 quokkas
  9 bats
  A frilled lizard (D:5)
  A goblin zombie (Ossuary)
  6 hobgoblin zombies (Ossuary)
  A jackal skeleton (D:4)
  4 kobold zombies (Ossuary)
  A leopard gecko skeleton (D:7)
  An orc zombie (Ossuary)
  4 quokka zombies (Ossuary)
  4 rats
  4 rat zombies (Ossuary)
436 creatures vanquished.

Vanquished Creatures (collateral kills)
  A two-headed ogre (Orc:2)
  A manticore (D:11)
  A shadow (D:11)
  An orc warrior (Orc:2)
  A bullfrog (D:11)
  A jelly (D:11)
  An orc wizard (Orc:2)
  An orc (Orc:2)
8 creatures vanquished.

Vanquished Creatures (others)
  2 plants
  13 toadstools (D:9)
15 creatures vanquished.

Grand Total: 459 creatures vanquished

Notes
Turn   | Place    | Note
-------+----------+-------------------------------------------
     0 | D:1      | Timinator the Vampire Transmuter began the quest for the Orb.
     0 | D:1      | Reached XP level 1. HP: 14/14 MP: 3/3
     8 | D:1      | Reached skill level 1 in Fighting
    47 | D:1      | Reached XP level 2. HP: 17/22 MP: 5/5
   627 | D:2      | Reached XP level 3. HP: 27/27 MP: 6/6
   735 | D:2      | Found a glowing golden altar of the Shining One.
   830 | D:2      | Found a hide-covered altar of Uskayaw.
  1042 | D:2      | Reached XP level 4. HP: 27/33 MP: 7/7
  1142 | D:2      | Found a runed door.
  1154 | D:2      | Found a faded altar of an unknown god.
  1324 | D:2      | Noticed Crazy Yiuf
  1331 | D:2      | Killed Crazy Yiuf
  1587 | D:3      | Found a sacrificial altar of Ru.
  1694 | D:3      | Reached XP level 5. HP: 38/39 MP: 7/9
  1702 | D:3      | Found a basalt altar of Yredelemnul.
  1985 | D:4      | HP: 1/39 [bullfrog skeleton (3)]
  2114 | D:4      | Reached XP level 6. HP: 11/46 MP: 11/11
  2255 | D:4      | Got a pitted platinum ring
  2275 | D:4      | Found an iron altar of Okawaru.
  2281 | D:4      | Identified the ring "Xururae" {rElec rN+++ MR- Dex-3 Stlth-} (You found it on level 4 of the Dungeon)
  2306 | D:4      | Found a hazy altar of Hepliaklqana.
  2844 | D:5      | Entered Level 5 of the Dungeon
  2850 | D:5      | Noticed an ice beast
  2865 | D:5      | Killed an ice beast
  2922 | D:5      | Noticed a hungry ghost
  2954 | D:5      | Killed a hungry ghost
  2954 | D:5      | Reached skill level 5 in Unarmed Combat
  2954 | D:5      | Reached XP level 7. HP: 50/52 MP: 10/12
  3036 | D:5      | Found a sand-covered staircase.
  3041 | Ossuary  | Entered an ossuary
  3584 | Ossuary  | Reached XP level 8. HP: 40/60 MP: 14/14
  4148 | D:5      | Learned a level 1 spell: Confusing Touch
  4154 | D:5      | Learned a level 5 spell: Blade Hands
  4159 | D:5      | Learned a level 4 spell: Ice Form
  4320 | D:6      | Found a staircase to the Ecumenical Temple.
  4332 | Temple   | Entered the Ecumenical Temple
  4519 | D:6      | Reached skill level 5 in Dodging
  4519 | D:6      | Reached skill level 5 in Transmutations
  4948 | D:6      | Noticed Menkaure
  4957 | D:6      | Killed Menkaure
  5062 | D:6      | Reached skill level 5 in Fighting
  5084 | D:6      | Reached XP level 9. HP: 47/68 MP: 14/16
  5230 | D:6      | Found an ancient bone altar of Kikubaaqudgha.
  5236 | D:6      | Became a worshipper of Kikubaaqudgha
  5274 | D:6      | Noticed Eustachio
  5280 | D:6      | Killed Eustachio
  5442 | D:6      | You fall through a shaft for 3 floors!
  5544 | D:9      | Reached skill level 5 in Spellcasting
  5758 | D:8      | Found a deep blue altar of Sif Muna.
  5758 | D:8      | Found a radiant altar of Vehumet.
  6032 | D:8      | Reached * piety under Kikubaaqudgha
  6032 | D:8      | Identified Kikubaaqudgha's Collected Works on Sinister Rituals (Kikubaaqudgha gifted it to you on level 8 of the Dungeon)
  6032 | D:8      | Received a gift from Kikubaaqudgha
  6052 | D:8      | Learned a level 3 spell: Regeneration
  6401 | D:7      | Reached XP level 10. HP: 72/76 MP: 12/18
  6556 | D:7      | Found a stormy altar of Qazlal.
  6604 | D:7      | Learned a level 4 spell: Animate Dead
  6811 | D:7      | Found a shattered altar of Ashenzari.
  7476 | D:8      | Found an ornate altar of the Wu Jian Council.
  7938 | D:9      | Found a blossoming altar of Fedhas.
  7948 | D:9      | Noticed an oklob plant
  7969 | D:9      | Reached ** piety under Kikubaaqudgha
  8136 | D:9      | Found a staircase to the Orcish Mines.
  8267 | D:9      | Found Waurph's Antique Weapon Boutique.
  8488 | D:10     | Entered Level 10 of the Dungeon
  8707 | D:10     | Noticed a two-headed ogre
  8898 | D:9      | Reached skill level 1 in Necromancy
  9121 | D:10     | Reached *** piety under Kikubaaqudgha
  9121 | D:10     | Identified Kikubaaqudgha's Incunabulum of Evil Arts (Kikubaaqudgha gifted it to you on level 10 of the Dungeon)
  9121 | D:10     | Received a gift from Kikubaaqudgha
  9250 | D:10     | Reached XP level 11. HP: 34/84 MP: 14/20
  9371 | D:10     | Killed a two-headed ogre
  9467 | D:10     | Found the +5 scythe "Finisher" {speed, Str+3}
  9848 | D:11     | Noticed an unseen horror
  9858 | D:11     | Killed an unseen horror
  9866 | D:11     | Noticed a white ugly thing
  9881 | D:11     | Killed a white ugly thing
 10053 | D:11     | Noticed a purple ugly thing
 10077 | D:11     | Killed a purple ugly thing
 10199 | D:11     | Reached **** piety under Kikubaaqudgha
 10221 | D:11     | Noticed a four-headed hydra
 10231 | D:11     | Killed a four-headed hydra
 10231 | D:11     | Reached skill level 10 in Unarmed Combat
 10231 | D:11     | Reached skill level 5 in Necromancy
 10286 | D:11     | Noticed a six-headed hydra
 10305 | D:11     | Killed a six-headed hydra
 10418 | D:11     | Noticed a two-headed ogre
 10436 | D:11     | Killed a two-headed ogre
 10616 | D:11     | Noticed Erica
 10631 | D:11     | Killed Erica
 10631 | D:11     | Reached skill level 10 in Dodging
 10730 | D:11     | Reached XP level 12. HP: 77/94 MP: 12/22
 10856 | D:11     | Found a staircase to the Lair.
 11020 | D:12     | Found a bloodstained altar of Trog.
 11389 | D:11     | Learned a level 5 spell: Dispel Undead
 11616 | D:12     | Reached ***** piety under Kikubaaqudgha
 11616 | D:12     | Reached skill level 1 in Charms
 11790 | D:12     | Noticed a two-headed ogre
 11960 | D:12     | Killed a two-headed ogre
 12961 | D:13     | Noticed a centaur warrior
 12972 | D:13     | Killed a centaur warrior
 13241 | Orc:1    | Entered Level 1 of the Orcish Mines
 13287 | Orc:1    | Found a runed door.
 13341 | Orc:1    | Found the +10 large shield of Ignorance {rN+ Int-4}
 13346 | Orc:1    | Found a runed door.
 13822 | Orc:2    | Entered Level 2 of the Orcish Mines
 13822 | Orc:2    | Noticed an ettin
 14154 | D:9      | Killed an ettin
 14484 | Orc:2    | Noticed an orc warlord
 15177 | Orc:2    | Noticed an ettin
 15190 | Orc:2    | Killed an ettin
 15206 | Orc:2    | Noticed Snorg
 15209 | Orc:2    | Noticed a two-headed ogre
 15215 | Orc:2    | Noticed an ogre mage
 15217 | Orc:2    | Killed a two-headed ogre
 15223 | Orc:2    | Paralysed by an ogre mage for 5 turns
 15227 | Orc:2    | HP: 4/96 [Snorg (1)]
 15228 | Orc:2    | Killed from afar by an ogre mage

Skill      XL: |  1  2  3  4  5  6  7  8  9 10 11 12 |
---------------+-------------------------------------+-----
Fighting       | 1 2 3 5 6 7 8 9 |  9.5
Unarmed Combat | 4 5 6 8 9 10 11 | 11.4
Dodging        | 3 4 6 7 8 10 11 | 11.1
Spellcasting   | 3 4 5 6 7 |  7.5
Transmutations | 3 4 6 7 8 9 |  9.8
Necromancy     | 3 5 6 |  6.2
Charms         | 4 |  4.5

Action                   |  1- 3 |  4- 6 |  7- 9 | 10-12 || total
-------------------------+-------+-------+-------+-------++-------
Melee: Unarmed           |   168 |   147 |   589 |   868 ||  1772
       Bite              |     8 |     8 |    53 |    73 ||   142
       Kick              |     9 |    14 |    89 |     3 ||   115
       Punch             |     1 |     3 |    16 |    29 ||    49
 Cast: Beastly Appendage |     7 |    11 |    29 |     2 ||    49
       Confusing Touch   |       |       |     7 |    29 ||    36
       Blade Hands       |       |       |     7 |    75 ||    82
       Ice Form          |       |       |     1 |    10 ||    11
       Regeneration      |       |       |       |    21 ||    21
       Animate Dead      |       |       |       |     4 ||     4
 Abil: End Transformatio |       |       |     1 |     8 ||     9
       Bat Form          |       |       |     1 |       ||     1
Evoke: Wand              |       |       |     1 |     6 ||     7
  Use: Scroll            |     1 |     7 |     9 |    14 ||    31
       Potion            |       |     7 |     8 |    43 ||    58
 Stab: Sleeping          |     1 |       |     5 |     1 ||     7
       Confused          |       |       |     7 |    17 ||    24
  Eat: Corpse            |     7 |     8 |    13 |    32 ||    60
Armor: Robe              |    39 |    33 |    95 |    60 ||   227
       Skin              |       |     2 |    10 |    11 ||    23
       Leather armour    |       |       |       |    30 ||    30
Dodge: Dodged            |   140 |    63 |   334 |   700 ||  1237
